[Event "*** SCC Grand Prix: Titled Tuesday Blitz"]
[Site "Chess.com"]
[Date "2020.06.02"]
[Round "6"]
[White "profofchess"]
[Black "AcostaPablo"]
[Result "1-0"]
[WhiteElo "2463"]
[BlackElo "2596"]
[TimeControl "180+1"]
[EndTime "11:10:54 PDT"]
[Termination "profofchess won by resignation"]

1. e4 c5 2. Nf3 e6 3. c3 d5 4. e5 d4 5. Bd3 Nc6 6. O-O Nge7 7. Re1 Nd5 8. Be4 Be7 9. d3 g5 10. c4 Nb6 11. Bxc6+ bxc6 12. h3 h5 13. Nbd2 Nd7 14. g4 hxg4 15. hxg4 Qc7 16. Nf1 Bb7 17. Ng3 O-O-O 18.
Qe2 Rdg8 19. Bd2 Kb8 20. Kg2 Bc8 21. Rh1 f6 22. Rxh8 Rxh8 23. Re1 fxe5 24. Nxe5 Nxe5 25.
Qxe5 Qxe5 26. Rxe5 Kc7 27. Bxg5 Bd6 28. Re1 Rg8 29. Bf6 Rxg4 30. Be5 Bxe5 31. Rxe5 Kd6 32.
Re4 Rg8 33. f4 Bd7 34. Kf3 Be8 35. Re2 Bg6 36. Ne4+ Ke7 37. Rh2 Bxe4+ 38. dxe4 Rg1 39. Rh7+ Ke8 40. Rxa7 Rf1+ 41. Kg3 d3 42. Ra8+ Kd7 43. Ra7+ Kc8 44. Ra8+ Kc7 45. Ra7+ Kd8 46. Ra8+ Ke7 47. Ra7+ Ke8 48. Ra8+ Kf7 49. Rd8 Rd1 50. Kf3 Rd2 51.
b3 Ke7 52. Ke3 Rxa2 53. Rxd3 Rb2 54. Kf3 Kf6 55. Ke3 Rh2 56. Kf3 Rh3+ 57. Ke2 Rh4 58. Ke3 e5 59. f5 Rh3+ 60. Ke2 Rh2+ 61. Ke1 Kg5 62. Rf3 Kg4 63. Rf2 Rh8 64. Ke2 Rf8 65.
f6 Kg5 66. f7 Kg6 67. Kd3 Kg7 68. Ke3 Rxf7 69. Rxf7+ Kxf7 70. Kf3 Kg7 71. Kg3 Kh6 72.
Kh4 Kg6 73. Kg4 Kf6 74. Kh5 Ke6 75. Kg5 Kd6 76. Kf6 Kc7 77. Kxe5 Kb6 78. Kd6 Ka5 79. Kxc5 Ka6 80. Kxc6 1-0

[Event "*** SCC Grand Prix: Titled Tuesday Blitz"]
[Site "Chess.com"]
[Date "2020.06.02"]
[Round "6"]
[White "Munkhzul_Turmunkh"]
[Black "Man-Chuk"]
[Result "0-1"]
[WhiteElo "2589"]
[BlackElo "2770"]
[TimeControl "180+1"]
[EndTime "11:10:55 PDT"]
[Termination "Man-Chuk won on time"]

1. e4 e5 2. Nf3 Nc6 3. Bb5 a6 4. Ba4 Nf6 5. O-O Nxe4 6. d4 b5 7. Bb3 d5 8. dxe5 Be6 9. Nbd2 Nc5 10. c3 Be7 11. Bc2 Bg4 12. Re1 Ne6 13. h3 Bh5 14. Nf1 Bg6 15. Bb3 d4 16. Bxe6 fxe6 17. Nxd4 Nxd4 18.
Qxd4 Qxd4 19. cxd4 O-O-O 20. Be3 Kb7 21. Rac1 Bb4 22. Red1 Ba5 23. Nd2 Bxd2 24. Rxd2 Be4 25. Rc5 Bd5 26. b3 c6 27. Rb2 a5 28. Bd2 Ra8 29. a3 a4 30. bxa4 Rxa4 31. Bb4 Bc4 32. f4 Kc7 33. Kf2 h5 34. Ke3 Raa8 35. Rf2 g6 36. g3 Ra4 37. Rg2 Rha8 38. g4 Rxa3+ 39. Bxa3 Rxa3+ 40. Kf2 Rxh3 41. gxh5 gxh5 42. Rg7+ Kb6 43.
Rg8 Rd3 44. Rc8 Bd5 45. Rb8+ Ka7 46. Rh8 Rxd4 47. Rxh5 Rxf4+ 48. Ke3 Re4+ 49. Kd2 Kb6 50. Rc3 b4 51. Rg3 c5 52. Re3 Rg4 53. Rh8 c4 54. Rc8 Kb5 55. Rd8 c3+ 56. Kd3 Bc4+ 57. Kc2 Rg2+ 58. Kc1 Bd5 59. Rc8 Ka4 60. Rcxc3 bxc3 61. Rxc3 Kb4 62. Rc7 Re2 63. Kd1 Rxe5 64. Kd2 Re4 65.
Kd3 Rh4 66. Rd7 Kc5 67. Re7 Rh3+ 68. Ke2 Kd4 69. Rd7 Rh2+ 70. Kf1 Ke3 0-1

[Event "*** SCC Grand Prix: Titled Tuesday Blitz"]
[Site "Chess.com"]
[Date "2020.06.02"]
[Round "6"]
[White "ShahMatKanal"]
[Black "Tormoz"]
[Result "1/2-1/2"]
[WhiteElo "2474"]
[BlackElo "2643"]
[TimeControl "180+1"]
[EndTime "11:10:55 PDT"]
[Termination "Game drawn - insufficient material"]

1. c4 e6 2. Nc3 d5 3. cxd5 exd5 4. d4 Nf6 5. Bg5 c6 6. e3 Nbd7 7. Bd3 Be7 8. Nge2 Nf8 9. Qc2 Ne6 10. Bh4 g6 11. O-O O-O 12. Rab1 a5 13. a3 b6 14. Rfc1 Bb7 15. b4 Re8 16. Bg3 Nh5 17. Be5 f6 18. Bg3 Nxg3 19. hxg3 f5 20. Nf4 Ng7 21.
Qb2 b5 22. Be2 Bd6 23. Nd3 h5 24. Ne5 h4 25. gxh4 Qxh4 26. g3 Qh3 27. Bf1 Qh6 28. Ne2 axb4 29. axb4 Ra6 30. Nf4 g5 31.
Nfd3 Ne6 32. Ra1 Rea8 33. Rxa6 Rxa6 34. Ra1 Rxa1 35. Qxa1 Qf8 36. Qa7 Qa8 37. Qxa8+ Bxa8 38. Bh3 g4 39. Bf1 Bb7 40. Be2 Kg7 41. f3 gxf3 42.
Bxf3 Kf6 43. g4 f4 44. Kf2 Bc7 45. Nd7+ Ke7 46. N7c5 fxe3+ 47. Kxe3 Bc8 48. Nxe6 Bxe6 49. Nc5 Bf7 50. Nd3 Kf6 51. Nc5 Bd6 52. Nd3 Kg5 53.
Nc5 Bf4+ 54. Kd3 Kh4 55. Bd1 Bg6+ 56. Kc3 Bf7 57. Nd7 Be6 58. Ne5 Kg5 59. Nxc6 Bxg4 60.
Bxg4 Kxg4 61. Ne7 Bd6 62. Nxd5 Kf3 63. Nb6 Ke4 64. Nd7 Bg3 65. Nc5+ Kd5 66. Nd3 Bd6 67. Nc1 Bg3 68. Nd3 Bh4 69. Nc1 Be1+ 70. Kb3 Bd2 71.
Ne2 Ke4 72. Kc2 Bxb4 73. Nc3+ Bxc3 74. Kxc3 Kd5 75. Kb4 Kc6 76. d5+ Kb6 77. d6 Kc6 78. d7 Kxd7 79. Kxb5 1/2-1/2

[Event "*** SCC Grand Prix: Titled Tuesday Blitz"]
[Site "Chess.com"]
[Date "2020.06.02"]
[Round "6"]
[White "Efremov_Vlad"]
[Black "Fortitudine"]
[Result "1-0"]
[WhiteElo "2176"]
[BlackElo "2284"]
[TimeControl "180+1"]
[EndTime "11:10:56 PDT"]
[Termination "Efremov_Vlad won by resignation"]

1. d4 Nf6 2. c4 c5 3. d5 b5 4. cxb5 g6 5. Nc3 Bg7 6. e4 O-O 7. Nf3 d6 8. Bd3 a6 9. O-O Nbd7 10. Qe2 Ng4 11. bxa6 Nge5 12. Nxe5 Nxe5 13. Bb5 Qa5 14. a4 Bxa6 15. f4 Nd7 16. Ra3 Nb6 17. Bd2 Nxa4 18. Rxa4 Bxb5 19. Rxa5 Bxe2 20. Rxa8 Bd4+ 21. Rf2 Rxa8 22.
Nxe2 Bxf2+ 23. Kxf2 e6 24. dxe6 fxe6 25. Bc3 d5 26.
exd5 exd5 27. Be5 Ra2 28. Nc1 Ra1 29. Nb3 Rb1 30. Nxc5 Kf7 31. Nd3 Ke6 32. b4 Kf5 33.
h3 h5 34. Bd6 Ke4 35. Nc5+ Kd4 36. Ne6+ Ke4 37. Ng5+ Kd3 38. Nf3 Rb2+ 39. Kg3 Ke4 40.
Ng5+ Kf5 41. Nf3 Ke4 42. Nh4 d4 43. Nxg6 d3 44. Be5 d2 45. Bxb2 d1=Q 46. Be5 Kf5 47. Nh4+ Ke4 48. Nf3 Qb3 49. Kh4 Kf5 50. Kxh5 Qg8 51. Kh4 Qg6 52. Ng5 Qh6+ 53. Kg3 Qc6 54.
h4 Qc2 55. Kh3 Kg6 56. g4 Qd3+ 57. Kg2 Qe2+ 58. Kg3 Qe3+ 59. Nf3 Qe2 60. h5+ Kh6 61.
f5 Qe4 62. Bf4+ Kg7 63. Nh4 Qd3+ 64. Nf3 Qb3 65. h6+ Kh8 66. g5 Qxb4 67. Kg4 Qc5 68. g6 Qd5 69. Be5+ Kg8 70. h7+ Kf8 71. h8=Q+ Ke7 72.
Qg7+ Ke8 73. Qf7+ Qxf7 74. gxf7+ Kxf7 75. Kg5 1-0

[Event "*** SCC Grand Prix: Titled Tuesday Blitz"]
[Site "Chess.com"]
[Date "2020.06.02"]
[Round "6"]
[White "Chuchofrio1"]
[Black "XiaoKangZhong"]
[Result "0-1"]
[WhiteElo "2269"]
[BlackElo "2444"]
[TimeControl "180+1"]
[EndTime "11:10:57 PDT"]
[Termination "XiaoKangZhong won by checkmate"]

1. d4 Nf6 2. c4 g6 3. Nc3 d5 4. cxd5 Nxd5 5. Bd2 Bg7 6. e4 Nb6 7. Be3 O-O 8. h3 Nc6 9. Nf3 Na5 10. Be2 Nac4 11. Bc1 e5 12. d5 a6 13. b3 Nd6 14.
Ba3 h6 15. O-O Kh7 16. Nd2 f5 17. f3 Qg5 18. Kh1 Bd7 19. Nc4 Nbxc4 20. bxc4 fxe4 21.
fxe4 Rxf1+ 22. Bxf1 Qe3 23. Qd3 Qg5 24. c5 Nb5 25.
Nxb5 axb5 26. Bc1 Qf6 27. Be3 Ra4 28. Be2 Qh4 29. Bf1 Qxe4 30. Qxe4 Rxe4 31. Bg1 Ra4 32. Be2 c6 33. d6 e4 34. Rd1 Rxa2 35.
Bg4 Bxg4 36. hxg4 Bf6 37. d7 Bd8 38. Rf1 Kg7 39. Bd4+ Kg8 40. Bf6 Rd2 41. Bxd8 Rxd7 42. Bf6 Rd5 43. Be7 e3 44. Re1 Re5 45. Bd6 Re4 46. Kg1 Kf7 47. Kf1 Ke6 48. Ke2 Kd5 49. Rd1+ Kc4 50. Rc1+ Kd4 51. Rd1+ Kc3 52. Rd3+ Kc2 53. Rxe3 Rxg4 54. g3 b4 55. Kf3 Rg5 56.
Re2+ Kc3 57. Re3+ Kc2 58. Re2+ Kc3 59. Re3+ Kb2 60. Re2+ Ka3 61. Re3+ b3 62. Be5 Rf5+ 63. Kg4 Rf2 64. Rf3 Rxf3 65. Kxf3 b2 66. Bxb2+ Kxb2 67. Ke4 Kb3 68. Ke5 Kb4 69. Kd6 Kb5 70. g4 h5 71.
gxh5 gxh5 72. Ke5 Kxc5 73. Kf4 b5 74. Ke3 b4 75. Kd2 b3 76. Kc1 h4 77. Kb2 h3 78.
Kxb3 h2 79. Kc2 h1=Q 80. Kc3 Kd5 81. Kc2 c5 82. Kd2 c4 83. Kc3 Qh3+ 84. Kc2 Qd3+ 85. Kc1 Kd4 86. Kb2 c3+ 87. Kc1 Qd2+ 88. Kb1 Qb2# 0-1

[Event "*** SCC Grand Prix: Titled Tuesday Blitz"]
[Site "Chess.com"]
[Date "2020.06.02"]
[Round "6"]
[White "latixxa"]
[Black "GMKrikor"]
[Result "0-1"]
[WhiteElo "2161"]
[BlackElo "2733"]
[TimeControl "180+1"]
[EndTime "11:10:58 PDT"]
[Termination "GMKrikor won by resignation"]

1. d4 Nf6 2. Nf3 g6 3. Bf4 Bg7 4. e3 O-O 5. h3 c5 6. c3 d6 7. Be2 Qb6 8. Qb3 Be6 9. Qc2 Nc6 10.
Nbd2 cxd4 11. exd4 Rac8 12. Be3 Nd5 13. O-O Nxe3 14. fxe3 Bh6 15. Qd3 d5 16. Rab1 Rcd8 17. e4 dxe4 18. Nxe4 Qc7 19. a3 b6 20. Nfd2 Bf5 21. g4 Bc8 22. Rbd1 Bg7 23. Qg3 Qxg3+ 24.
Nxg3 Na5 25. b4 Nc6 26. Bf3 Bd7 27. Nc4 Rc8 28. Nb2 Nd8 29. Rc1 Ne6 30. Ne4 Nf4 31. Kh2 Rfd8 32. Kg3 Nd5 33. Rfd1 Be8 34. Rd3 h6 35. c4 Nc7 36. Rcd1 Ne6 37. d5 Ng5 38. Nxg5 hxg5 39. R3d2 Be5+ 40. Kg2 Kg7 41. Nd3 Bf6 42. Nf2 Rxc4 43. Ne4 Rdc8 44. Nxf6 exf6 45. d6 Bd7 46. Re1 Rc2 47. Ree2 Rxd2 48. Rxd2 Rd8 49. Be4 Be6 50.
Kf3 f5 51. gxf5 gxf5 52. Bc6 Kf6 53. b5 Ke5 54. d7 Kf6 55. a4 Ke7 56. Re2 Kd6 57.
Rd2+ Kc7 58. Rc2 Bxd7 59. Bd5+ Kd6 60. Bxf7 Ke7 61. Bb3 Rc8 62. Re2+ Kd6 63. Re3 Rc5 64. Rd3+ Ke7 65. Re3+ Kd6 66. Rd3+ Kc7 67. Re3 f4 68. Rd3 Bf5 69. Rd4 Rc3+ 70. Kg2 Rxb3 71. Rc4+ Kd7 72.
Rd4+ Ke7 73. Rc4 Kf6 74. Rc6+ Ke5 75. Rc7 Be4+ 76. Kf2 Rb2+ 77. Kf1 f3 78. Re7+ Kf4 79. Rf7+ Ke3 80. Kg1 f2+ 81. Kh2 f1=Q+ 0-1

[Event "*** SCC Grand Prix: Titled Tuesday Blitz"]
[Site "Chess.com"]
[Date "2020.06.02"]
[Round "6"]
[White "OrtizMarcos"]
[Black "Bastiandash"]
[Result "1-0"]
[WhiteElo "2333"]
[BlackElo "2111"]
[TimeControl "180+1"]
[EndTime "11:11:00 PDT"]
[Termination "OrtizMarcos won by resignation"]

1. e4 c5 2. Nf3 e6 3. d4 cxd4 4. Nxd4 a6 5. Nc3 b5 6. Bd3 Qb6 7. Nf3 Nc6 8. a4 b4 9. a5 Nxa5 10. Na4 Qc7 11. Be3 Rb8 12. Qe2 Nf6 13. e5 Nd5 14. Bd2 Nc6 15. O-O d6 16. exd6 Bxd6 17. Rfe1 Nf4 18. Bxf4 Bxf4 19. Nc5 a5 20. Qe4 g6 21. g3 Bh6 22. Qh4 Bg7 23. Ne4 Qe7 24. Qf4 O-O 25. c3 bxc3 26. bxc3 e5 27. Qd2 Be6 28. Neg5 Bd5 29. Be4 Bxe4 30. Nxe4 Rfd8 31. Qc2 h6 32. h4 f5 33. Ned2 Kh7 34. h5 Qf6 35.
hxg6+ Qxg6 36. Nh4 Qf6 37. Nc4 e4 38. Ne3 Ne5 39. Nexf5 Kh8 40. Qxe4 Re8 41. Qf4 Ng6 42. Nxg6+ Qxg6 43. Nxg7 Qxg7 44. Rxe8+ Rxe8 45. Rxa5 Re1+ 46. Kg2 Qb7+ 47. f3 Qb2+ 48. Kh3 Rh1+ 49. Kg4 h5+ 50.
Rxh5+ Rxh5 51. Kxh5 Qb3 52. Qe5+ Kh7 53. Qe7+ Kg8 54.
Qe8+ Kh7 55. Qe7+ Kg8 56. Qe4 Qb2 57. g4 Qc1 58. g5 Qh1+ 59. Kg6 Qh7+ 60. Kf6 Qf7+ 61.
Ke5 Qe7+ 62. Kd4 Qxg5 63. f4 Qg1+ 64. Ke5 Qc1 65. c4 Qc3+ 66. Qd4 Qe1+ 67. Kf6 Qh4+ 68. Ke5 Qe1+ 69. Kd5 Qc1 70. c5 Qa3 71. c6 Qa5+ 72. Kd6 Qa6 73. Qd5+ Kf8 74. Kd7 Qa7+ 75. c7 Qe3 76.
Qd6+ Kg7 77. Qe5+ Qxe5 78. fxe5 Kg6 79. c8=Q Kf5 1-0

[Event "*** SCC Grand Prix: Titled Tuesday Blitz"]
[Site "Chess.com"]
[Date "2020.06.02"]
[Round "6"]
[White "praveenb2002"]
[Black "Siniauski"]
[Result "1-0"]
[WhiteElo "2728"]
[BlackElo "2503"]
[TimeControl "180+1"]
[EndTime "11:11:04 PDT"]
[Termination "praveenb2002 won by resignation"]

1. e4 e6 2. d4 d5 3. Nd2 c5 4.
exd5 Qxd5 5. Ngf3 cxd4 6. Bc4 Qd8 7. O-O Nc6 8. Nb3 a6 9. Nbxd4 Nxd4 10. Qxd4 Qxd4 11.
Nxd4 Be7 12. a4 Nf6 13. Rd1 O-O 14. Bg5 h6 15. Bh4 Bd7 16. c3 Rfd8 17. h3 Rac8 18.
Be2 e5 19. Nf3 e4 20. Nd4 Be8 21. Nf5 Kf8 22. Nxe7 Kxe7 23. Bg4 Ra8 24. Be2 Bc6 25. a5 g5 26. Bg3 Nd5 27. Be5 f6 28. Bd4 f5 29. Bc5+ Kf6 30. g3 f4 31. Bd4+ Ke7 32. Bc4 Kd6 33. Bb6 Ke5 34. Bxd8 Rxd8 35. Rd4 Rf8 36. Re1 Ne7 37. Bd3 Nf5 38. Rdxe4+ Bxe4 39.
Rxe4+ Kd6 40. gxf4 Nh4 41. fxg5 Nf3+ 42. Kg2 hxg5 43. Re3 Ne5 44. Be2 Kd5 45. Rg3 Rf5 46.
Bd3 Nxd3 47. Rxd3+ Kc4 48. Rd4+ Kc5 49. Rb4 Rf7 50.
Rb6 Rg7 51. Kg3 Kc4 52. Kg4 Kd3 53. f4 gxf4+ 54. Kxf4 Rf7+ 55. Kg5 Rg7+ 56. Kh6 Re7 57. h4 Kc4 58. h5 Re5 59. Rxb7 Rxa5 60. Rb4+ Kd3 61.
Kg6 Ra1 62. h6 Rg1+ 63. Kh5 Rg8 64. h7 Rc8 65. Kh6 Kc2 66. Rg4 Rc6+ 67. Rg6 Rc8 68. Rg8 Rc6+ 69. Kg5 Rc5+ 70. Kg6 Rc6+ 71. Kf5 Rc5+ 72.
Ke4 Rc4+ 73. Kd5 Rh4 74. h8=Q Rxh8 75. Rxh8 Kxb2 76. c4 a5 77. c5 a4 78. Ra8 a3 79.
c6 a2 80. c7 a1=Q 81. Rxa1 Kxa1 82. c8=Q 1-0

[Event "*** SCC Grand Prix: Titled Tuesday Blitz"]
[Site "Chess.com"]
[Date "2020.06.02"]
[Round "6"]
[White "Vuk2000"]
[Black "ElviraBerend"]
[Result "1-0"]
[WhiteElo "2637"]
[BlackElo "2402"]
[TimeControl "180+1"]
[EndTime "11:11:06 PDT"]
[Termination "Vuk2000 won by resignation"]

1. d4 Nf6 2. Bg5 Ne4 3. Bf4 d5 4. e3 c5 5. Bd3 Nf6 6. c3 Nc6 7. Nf3 Bg4 8. Nbd2 e6 9. O-O Bd6 10. Bb5 Bxf4 11. exf4 O-O 12. Bxc6 bxc6 13. dxc5 a5 14.
Qa4 Bxf3 15. Nxf3 Qb8 16. Rab1 Ne4 17. Ne5 Rc8 18. Nxc6 Nxc5 19. Nxb8 Nxa4 20. Nd7 Rc7 21. Ne5 Rb8 22. Nd3 f6 23. Rfc1 Rcb7 24. Rc2 Rc7 25. Re1 Kf7 26. Rce2 Rc6 27. g3 Rbb6 28. Rd2 h5 29. h4 Rc7 30. Ree2 Rb8 31. Nc1 Rcb7 32.
Nb3 Ra7 33. Nd4 Rb6 34. Re3 Nc5 35. Rde2 Rab7 36. b3 Rc7 37. f3 Rcb7 38. Kg2 g6 39. Rd2 Rc7 40. Rc2 Nb7 41. Rce2 Nc5 42. Nc2 Nb7 43. Na3 Nc5 44. Rd2 Rd7 45. Rd4 Nb7 46.
c4 Rbd6 47. Red3 Nc5 48. Rd2 Nb7 49. Nb5 Rb6 50. Nc3 Nd6 51. cxd5 e5 52. fxe5 fxe5 53. R4d3 Nf5 54. Ne2 Rb5 55. Nc3 Rb4 56. Ne4 Ke7 57. Rc3 Rd4 58. Rxd4 exd4 59. Rc5 Ra7 60. Kf2 a4 61. b4 a3 62. b5 Ra4 63. Nd2 Rb4 64.
Nb3 d3 65. Rc3 Rxb5 66. Rxd3 Kd6 67. Nd2 Rb2 68. g4 hxg4 69. fxg4 Nxh4 70. Kg3 g5 71.
Nc4+ Kc5 72. Nxb2 axb2 73. Rb3 1-0

[Event "*** SCC Grand Prix: Titled Tuesday Blitz"]
[Site "Chess.com"]
[Date "2020.06.02"]
[Round "6"]
[White "dpopadic"]
[Black "TengisChess"]
[Result "1-0"]
[WhiteElo "2342"]
[BlackElo "2484"]
[TimeControl "180+1"]
[EndTime "11:11:06 PDT"]
[Termination "dpopadic won by checkmate"]

1. e4 d6 2. Nc3 Nf6 3. f4 c6 4. Nf3 Bg4 5. Be2 Bxf3 6. Bxf3 e6 7. d3 Be7 8. O-O O-O 9. Kh1 a5 10. a4 Na6 11. Be3 e5 12. fxe5 dxe5 13. Qe1 Nb4 14. Rc1 Nd7 15. Qg3 Kh8 16. Bg4 Bc5 17. Bd2 Qe7 18.
Bxd7 Qxd7 19. Qxe5 Bd4 20. Qh5 g6 21. Qh4 Bg7 22.
Bh6 f5 23. Bxg7+ Kxg7 24. h3 Rae8 25. exf5 Rxf5 26. Rxf5 Qxf5 27. Ne4 Rf8 28. Qg3 Qf4 29. Qxf4 Rxf4 30. Nc5 Rf2 31. Nxb7 Nxc2 32. Nxa5 Nb4 33. Nxc6 Nxd3 34. Ra1 Rf6 35. Nd4 Nxb2 36. a5 Ra6 37. Nb3 Nc4 38. Rc1 Ne5 39. Rc5 Nd3 40. Rb5 Re6 41. Rb6 Re2 42. a6 Ra2 43. Kg1 Nf4 44.
Rb7+ Kh6 45. a7 Rxg2+ 46. Kf1 Ra2 47. Nd4 Nxh3 48. Nb5 Nf4 49. Rb8 Kg5 50. a8=Q Rxa8 51. Rxa8 h5 52. Nd4 Kh4 53. Ra4 g5 54. Ne2 Kg4 55. Kf2 h4 56. Nxf4 gxf4 57. Kg2 h3+ 58. Kh2 Kf3 59. Kxh3 Ke3 60. Ra3+ Ke4 61. Kg4 f3 62.
Rxf3 Ke5 63. Rf4 Ke6 64. Kg5 Kd6 65. Rf5 Ke6 66. Kf4 Kd6 67. Ke4 Ke6 68. Rf4 Kd6 69.
Rf5 Ke6 70. Re5+ Kd6 71. Kd4 Kc6 72. Re6+ Kb5 73. Kd5 Kb4 74. Rc6 Kb5 75. Rd6 Kb4 76. Rc6 Kb5 77. Rc1 Kb4 78. Rc8 Kb3 79. Kd4 Kb4 80.
Rb8+ Ka5 81. Kc5 Ka6 82. Rb2 Ka7 83. Kc6 Ka6 84. Ra2# 1-0

[Event "*** SCC Grand Prix: Titled Tuesday Blitz"]
[Site "Chess.com"]
[Date "2020.06.02"]
[Round "6"]
[White "Lestofante90"]
[Black "chessdude"]
[Result "1-0"]
[WhiteElo "2803"]
[BlackElo "2631"]
[TimeControl "180+1"]
[EndTime "11:11:07 PDT"]
[Termination "Lestofante90 won by resignation"]

1. e4 c5 2. Nf3 d6 3. d4 cxd4 4.
Nxd4 Nf6 5. Nc3 a6 6. Be3 e5 7.
Nb3 Be6 8. f3 h5 9. Qd2 Nbd7 10.
Nd5 Bxd5 11. exd5 g6 12. Be2 Bg7 13. O-O b6 14. h3 O-O 15. g4 hxg4 16. hxg4 Nh7 17.
Kg2 f5 18. Rh1 f4 19. Bf2 Ng5 20. Bd3 Qf6 21. Rae1 Kf7 22. Qe2 a5 23. Nd2 Nc5 24. Bxc5 bxc5 25. c3 Rh8 26. Nc4 Rxh1 27. Rxh1 Rh8 28.
Rxh8 Bxh8 29. Nxa5 Bg7 30. Nc4 Bf8 31. a4 Qh8 32.
Nd2 Qh3+ 33. Kg1 Qg3+ 34. Kf1 Be7 35. Qg2 Qh4 36. a5 Qh8 37. Ke2 Qb8 38. Nc4 Qb3 39. Kd2 Qb7 40. Nb6 Qa7 41. Nc4 Qb7 42. Kc2 Qxd5 43.
Nd2 Qa8 44. a6 d5 45. Bb5 e4 46. fxe4 dxe4 47. Qe2 f3 48. Qc4+ Kg7 49. Nf1 Bd6 50.
b4 cxb4 51. Bc6 Qa7 52. cxb4 Bf4 53. Kc3 Qf2 54. Qd4+ Qxd4+ 55. Kxd4 e3 56. Nxe3 Ne6+ 57.
Ke4 f2 58. Nf1 Bb8 59. b5 Ba7 60. Ke5 Nc5 61. Kd6 Na4 62. Kc7 Kf6 63. Kb7 Bd4 64. a7 Bxa7 65. Kxa7 Kg5 66. Bd7 Kf4 67. b6 Nxb6 68. Kxb6 g5 69. Kc5 Kf3 70. Kd4 Ke2 71.
Bb5+ Kf3 72. Ne3 Kf4 73. Bf1 Kf3 74. Kd3 Kf4 75. Ke2 Kg3 76. Bg2 Kh2 77. Be4 Kg3 78. Bf5 f1=Q+ 79. Nxf1+ Kh3 80. Nd2 1-0

[Event "*** SCC Grand Prix: Titled Tuesday Blitz"]
[Site "Chess.com"]
[Date "2020.06.02"]
[Round "6"]
[White "Carnivoras"]
[Black "awesomevishesh"]
[Result "1-0"]
[WhiteElo "2617"]
[BlackElo "2447"]
[TimeControl "180+1"]
[EndTime "11:11:09 PDT"]
[Termination "Carnivoras won by resignation"]

1. d4 Nf6 2. Nf3 d5 3. g3 c5 4. Bg2 cxd4 5. Nxd4 e5 6. Nb3 Nc6 7. O-O Be7 8. Bg5 Be6 9. Nc3 d4 10. Bxf6 Bxf6 11. Ne4 Be7 12. Nec5 Bc8 13. c3 O-O 14.
cxd4 Nxd4 15. Nxb7 Qb6 16. N7a5 Rb8 17. Nxd4 exd4 18.
Nc6 Rb7 19. b3 Bf6 20. Rc1 Rc7 21. Qd2 Bd7 22. Na5 Rfc8 23. Nc4 Qa6 24. Be4 Be6 25.
Bd3 Qb7 26. Qf4 Qd5 27. Rc2 Qd8 28. Qf3 g6 29. Rfc1 h5 30. Qg2 Kg7 31. Nd2 Rxc2 32. Rxc2 Rxc2 33. Bxc2 Qa5 34. Ne4 Be7 35. a4 Qc7 36.
Bd1 Qc1 37. Qf1 Bd5 38. f3 Qe3+ 39. Qf2 Bxe4 40. Qxe3 dxe3 41. fxe4 Kf6 42. Kg2 Ke5 43. Bc2 Bc5 44. Kf3 g5 45. h3 f6 46. Bd3 a5 47. Bc4 h4 48. gxh4 gxh4 49. Bd3 Be7 50. Kg4 Kd4 51. Kxh4 f5+ 52. Kh5 fxe4 53. Bc4 Ke5 54. Kg6 Kf4 55. Be6 Bh4 56. Bg4 Be1 57.
Kf7 Bh4 58. Ke6 Be1 59. Kd5 Bh4 60.
Bh5 Be1 61. Bg6 Bh4 62. Bxe4 Be1 63. Bf3 Kg3 64. Bg4 Kf4 65. Kc4 Bb4 66. Be6 Bd2 67.
h4 Bb4 68. h5 Kg5 69. Bf7 Bd2 70. Kd3 Kh6 71. Bg6 Kg5 72. Bf7 Kh6 73. b4 axb4 74.
a5 b3 75. a6 b2 76. Kc2 Bb4 77. a7 b1=Q+ 78. Kxb1 Kg5 79. a8=Q Kh4 80. h6 Kg3 81. h7 Kf2 82. h8=Q 1-0

[Event "*** SCC Grand Prix: Titled Tuesday Blitz"]
[Site "Chess.com"]
[Date "2020.06.02"]
[Round "6"]
[White "amintabatabaei"]
[Black "WIDBIFS"]
[Result "1-0"]
[WhiteElo "2931"]
[BlackElo "2720"]
[TimeControl "180+1"]
[EndTime "11:11:10 PDT"]
[Termination "amintabatabaei won by resignation"]

1. c4 Nf6 2. Nc3 g6 3. e4 d6 4. d4 Bg7 5. h3 O-O 6. Be3 e5 7.
d5 c6 8. g4 cxd5 9. cxd5 a6 10.
a4 Nbd7 11. Nge2 b6 12. Ng3 Bb7 13. Be2 Kh8 14. h4 Ng8 15. h5 Bf6 16. Qc1 g5 17. f3 h6 18. Kf2 Ne7 19. Qd2 Rc8 20. Rhb1 Qc7 21. Bf1 Kg7 22. Ra3 Qb8 23. Na2 Rc7 24. Nb4 Qa8 25. a5 b5 26. Rc1 Rxc1 27. Qxc1 Rc8 28. Rc3 Rxc3 29. Qxc3 Qc8 30. Qxc8 Bxc8 31.
Bd3 Nc5 32. Bc2 Kf8 33. Na2 Ke8 34. b4 Nb7 35. Nc3 Nd8 36. Bd3 Bd7 37. Bb6 Nc8 38. Bc7 Nb7 39. Nd1 Bd8 40. Bb8 Ne7 41. Ne3 Kf8 42. Ke2 f6 43. Kd2 Ke8 44. Kc2 Kf7 45.
Kb3 Ke8 46. Kc3 Bc8 47. Nef5 Nxf5 48. Nxf5 Bxf5 49. gxf5 Kd7 50. Bxb5+ Kc8 51. Bxd6 Nxd6 52. Bxa6+ Kc7 53. Bd3 Kd7 54. Kb3 Kc7 55. Ka4 Nb7 56.
Ba6 Nd6 57. Bd3 Nb7 58. Kb5 Nd6+ 59. Ka6 Kb8 60. b5 Bxa5 61. Kxa5 Nb7+ 62. Kb4 Kc7 63. d6+ Kxd6 64. Be2 Kc7 65. Kc4 Kb6 66. Kd5 Nc5 67. Kd6 Nb3 68. Ke7 Nd4 69. Bd1 Kxb5 70. Kxf6 Kc4 71.
Kg6 Kd3 72. Kxh6 Kd2 73. Ba4 Nxf3 74. f6 Nd4 75. Kxg5 Ne6+ 76. Kf5 Nf8 77. Kxe5 1-0

[Event "*** SCC Grand Prix: Titled Tuesday Blitz"]
[Site "Chess.com"]
[Date "2020.06.02"]
[Round "6"]
[White "Philosopherrr"]
[Black "ZAbdumalik"]
[Result "1-0"]
[WhiteElo "2531"]
[BlackElo "2653"]
[TimeControl "180+1"]
[EndTime "11:11:12 PDT"]
[Termination "Philosopherrr won by resignation"]

1. e4 e5 2. Nf3 Nc6 3. Bb5 a6 4. Ba4 Nf6 5. O-O Be7 6. Re1 b5 7. Bb3 O-O 8. d3 d6 9. a3 Na5 10. Ba2 c5 11. Nc3 Be6 12. Nd5 Nc6 13. c3 Bxd5 14.
exd5 Nb8 15. Bg5 Nbd7 16. Nh4 h6 17. Bd2 Nb6 18. Qf3 c4 19. dxc4 bxc4 20. Nf5 Kh7 21. Rad1 Qd7 22. Bb1 g6 23. Bxh6 Rfe8 24. Nxe7 Qxe7 25. Bg5 Nbd7 26. Qh3+ Kg7 27. Qh6+ Kg8 28. Qh4 Kg7 29. Qh6+ Kg8 30. h3 Qf8 31. Qh4 Qg7 32. f4 Nh7 33. Bh6 Qf6 34. Qxf6 Nhxf6 35. fxe5 Nxe5 36. Bg5 Nfd7 37. Bf4 Kg7 38. Kf1 Rab8 39.
Re2 Rb5 40. Rdd2 Reb8 41. Be4 f5 42. Bb1 Kf6 43. h4 Rc5 44. Be3 Ra5 45. Ba2 Rbb5 46.
Bd4 Kf7 47. Bxe5 Nxe5 48. Rxe5 dxe5 49. Bxc4 Rb8 50. d6+ Kf6 51. d7 Rd8 52. Rd6+ Ke7 53. Re6+ Kxd7 54. Rxg6 Rc5 55. Bxa6 f4 56. h5 Rh8 57.
Be2 e4 58. Rf6 f3 59. gxf3 Rhxh5 60. fxe4 Rh4 61. Rf5 Rxf5+ 62. exf5 Rf4+ 63. Ke1 Kd6 64. Bd3 Kc5 65. Kd2 Rf2+ 66. Be2 Rxf5 67. b4+ Kb6 68.
Bd3 Rf2+ 69. Be2 Rh2 70. a4 Rh3 71. a5+ Kb7 72. Bd3 Rh2+ 73. Ke3 Rh3+ 74. Kd4 Rh4+ 75.
Be4+ Ka6 76. c4 Rg4 77. Ke5 Rh4 78. Kd5 Rh5+ 79. Kd4 Rh4 80. Ke5 Rh5+ 81. Kd6 Rh4 82. Bd5 Rh6+ 83. Kc5 Rh4 84. Be6 Rh5+ 85. Kd6 Rh6 86.
c5 Rh4 87. c6 Rd4+ 88. Kc5 Re4 89. c7 1-0

[Event "*** SCC Grand Prix: Titled Tuesday Blitz"]
[Site "Chess.com"]
[Date "2020.06.02"]
[Round "6"]
[White "Justinz"]
[Black "MomchilPetkov"]
[Result "0-1"]
[WhiteElo "2314"]
[BlackElo "2528"]
[TimeControl "180+1"]
[EndTime "11:11:12 PDT"]
[Termination "MomchilPetkov won on time"]

1. e4 c5 2. Nf3 d6 3. d4 cxd4 4. Nxd4 Nf6 5. Nc3 a6 6. Rg1 b5 7. g4 Bb7 8. Bg2 e6 9. g5 Nfd7 10. a3 Nb6 11. h4 N8d7 12. Qg4 Ne5 13. Qg3 Be7 14. f4 Nec4 15. b3 Na5 16. Bb2 Qc7 17.
O-O-O O-O-O 18. f5 e5 19. Nde2 Kb8 20. Kb1 Nc6 21.
Rd2 f6 22. Rgd1 Ka8 23. Qe3 Rd7 24. Nd5 Nxd5 25. Rxd5 Nd4 26. R5xd4 exd4 27. Nxd4 Qb6 28. Qf4 Rc8 29. Ne6 b4 30. a4 Qc6 31. Rd2 Qb6 32. Bd4 Qa5 33. Qe3 Bd8 34. h5 h6 35. gxh6 gxh6 36.
Qxh6 d5 37. e5 fxe5 38. Bxe5 Bb6 39. Qf4 d4 40. Bxb7+ Rxb7 41. h6 Qd5 42. h7 Qh1+ 43.
Kb2 Qxh7 44. a5 Ba7 45. Bxd4 Bxd4+ 46. Qxd4 Qf7 47. Qe5 Qe8 48. Re2 Qc6 49. f6 Rb5 50. Qe3 Rf5 51. Nd4 Qc3+ 52. Qxc3 bxc3+ 53. Ka3 Rxf6 54. Re3 Rd6 55. Ne2 Rd2 56. Nxc3 Rxc2 57. Kb4 Rd2 58. Na4 Rb8+ 59. Ka3 Rd6 60. Nb6+ Kb7 61.
Re7+ Kc6 62. Re5 Rf8 63. Re4 Rf1 64. Rc4+ Kb7 65. Kb4 Re1 66. Rc3 Ree6 67. Nc4 Rc6 68. Rf3 Re4 69. Rf7+ Rc7 70. Rf6 Rh4 71. Rb6+ Ka7 72.
Kc3 Rb7 73. Rxb7+ Kxb7 74. Nb6 Kc6 75. Nc4 Kc5 76. b4+ Kd5 77. Nb6+ Kc6 78. Nc4 Kb5 79. Nd6+ Ka4 80. Nc4 Rh3+ 81. Kd4 Kxb4 0-1